[ PARTIDA AOE2 · #507067683 ]
UnrankedDrávidas vs Khmer
Equipo del jugador · VICT
Equipo rival · DERR
[ ANÁLISIS DE REPETICIÓN · EXTRAÍDO DE LA PARTIDA GRABADA ]
Feudal
9:52
Castillos
—
Imperial
—
| APM promedio | 66.4 |
| APM pico | 102 |
| eAPM promedio | 21.6 |
| Aldeanos / militares | 36 / 16 |
Foco
⚔️ 28.5% · 🌾 71.5%
Archer ×12 · Militia ×4
Feudal
11:33
Castillos
16:19
Imperial
—
| APM promedio | 28.7 |
| APM pico | 70 |
| eAPM promedio | 13.9 |
| Aldeanos / militares | 26 / 3 |
Foco
⚔️ 23.2% · 🌾 76.8%
Archer ×3
Mapa de la partida
Recursos iniciales + cada clic de construcción. Líneas = muros · curvas = relieve. ◆ oro · ⬟ piedra · ● bayas · ✦ reliquia · ◌ hueco del cierre
Tu base· Abierta — flanco sin cerrar
Base de FozzyLumbits· Abierta — flanco sin cerrar
Terreno inicial suavizado · ◌ = hueco del cierre detectado · pasá el cursor para detalles
Inputs por minuto
— Eldiano - - FozzyLumbits
Build order — Eldiano
90 acciones detectadas en el replay
| 0:00 | Encolar | Villager (Male) |
| 0:00 | Encolar | Villager (Male) |
| 0:02 | Construir | House |
| 0:04 | Construir | House |
| 0:08 | Encolar | Villager (Male) |
| 1:24 | Encolar | Villager (Male) |
| 1:35 | Encolar | Villager (Male) |
| 1:55 | Construir | Lumber Camp |
| 2:00 | Encolar | Villager (Male) |
| 2:28 | Encolar | Villager (Male) |
| 2:42 | Encolar | Villager (Male) |
| 2:56 | Construir | House |
| 2:57 | Construir | House |
| 3:30 | Encolar | Villager (Male) |
| 3:45 | Encolar | Villager (Male) |
| 4:07 | Encolar | Villager (Male) |
| 4:26 | Encolar | Villager (Male) |
| 5:08 | Encolar | Villager (Male) |
| 5:27 | Encolar | Villager (Male) |
| 5:48 | Encolar | Villager (Male) |
| 5:56 | Construir | Barracks |
| 6:27 | Encolar | Villager (Male) |
| 6:34 | Encolar | Villager (Male) |
| 6:34 | Investigar | Loom |
| 7:00 | Construir | Mining Camp |
| 7:41 | Investigar | Feudal Age |
| 8:05 | Encolar | Militia |
| 8:05 | Encolar | Militia |
| 8:36 | Encolar | Militia |
| 8:48 | Encolar | Militia |
| 9:13 | Construir | House |
| 9:15 | Construir | House |
| 9:16 | Construir | Palisade Wall |
| 9:38 | Encolar | Villager (Male) |
| 9:52 | Edad | Edad Feudal |
| 9:54 | Construir | Archery Range |
| 9:58 | Investigar | Double-Bit Axe |
| 10:07 | Investigar | Man-at-Arms (upgrade) |
| 10:22 | Encolar | Villager (Male) |
| 10:29 | Construir | Mill |
| 10:43 | Encolar | Villager (Male) |
| 10:46 | Construir | House |
| 10:47 | Construir | House |
| 10:49 | Encolar | Archer |
| 10:49 | Encolar | Archer |
| 11:06 | Encolar | Villager (Male) |
| 11:10 | Construir | Farm |
| 11:10 | Construir | Farm |
| 11:11 | Construir | Farm |
| 11:34 | Encolar | Villager (Male) |
| 11:34 | Encolar | Villager (Male) |
| 11:37 | Construir | Farm |
| 11:38 | Construir | Farm |
| 11:41 | Construir | Farm |
| 11:44 | Encolar | Archer |
| 11:44 | Encolar | Archer |
| 11:46 | Construir | House |
| 12:13 | Encolar | Villager (Male) |
| 12:16 | Construir | Blacksmith |
| 12:18 | Encolar | Archer |
| 12:18 | Encolar | Archer |
| 12:25 | Encolar | Villager (Male) |
| 12:33 | Construir | Farm |
| 13:00 | Encolar | Archer |
| 13:13 | Encolar | Archer |
| 13:16 | Investigar | Fletching |
| 13:18 | Construir | House |
| 13:19 | Construir | Palisade Wall |
| 13:26 | Encolar | Villager (Male) |
| 13:44 | Encolar | Villager (Male) |
| 13:46 | Construir | Farm |
| 14:12 | Encolar | Villager (Male) |
| 14:34 | Construir | House |
| 14:47 | Encolar | Villager (Male) |
| 14:50 | Encolar | Archer |
| 14:50 | Encolar | Archer |
| 15:20 | Encolar | Villager (Male) |
| 15:25 | Encolar | Villager (Male) |
| 15:25 | Encolar | Villager (Male) |
| 15:29 | Construir | Palisade Gate |
| 15:32 | Construir | House |
| 15:32 | Encolar | Villager (Male) |
| 15:37 | Construir | Farm |
| 15:47 | Encolar | Archer |
| 15:48 | Encolar | Archer |
| 15:54 | Construir | Farm |
| 15:54 | Encolar | Villager (Male) |
| 16:35 | Encolar | Villager (Male) |
| 16:35 | Encolar | Villager (Male) |
| 16:38 | Construir | Farm |
Build order — FozzyLumbits
73 acciones detectadas en el replay
| 0:00 | Encolar | Villager (Male) |
| 0:00 | Encolar | Villager (Male) |
| 0:01 | Encolar | Villager (Male) |
| 0:02 | Construir | House |
| 0:03 | Construir | House |
| 0:31 | Encolar | Villager (Male) |
| 0:31 | Encolar | Villager (Male) |
| 1:25 | Encolar | Villager (Male) |
| 1:44 | Construir | Lumber Camp |
| 2:05 | Encolar | Villager (Male) |
| 2:26 | Encolar | Villager (Male) |
| 2:50 | Encolar | Villager (Male) |
| 3:22 | Encolar | Villager (Male) |
| 3:34 | Encolar | Villager (Male) |
| 3:49 | Construir | House |
| 4:11 | Encolar | Villager (Male) |
| 4:23 | Construir | House |
| 4:39 | Encolar | Villager (Male) |
| 5:08 | Construir | House |
| 5:24 | Encolar | Villager (Male) |
| 5:38 | Construir | Barracks |
| 5:43 | Encolar | Villager (Male) |
| 6:28 | Encolar | Villager (Male) |
| 6:33 | Construir | Mill |
| 6:37 | Encolar | Villager (Male) |
| 6:45 | Encolar | Villager (Male) |
| 7:04 | Investigar | Loom |
| 7:11 | Encolar | Villager (Male) |
| 7:17 | Construir | Farm |
| 7:57 | Encolar | Villager (Male) |
| 8:05 | Encolar | Villager (Male) |
| 8:08 | Investigar | Loom |
| 8:26 | Construir | Farm |
| 8:39 | Construir | Lumber Camp |
| 8:45 | Investigar | Feudal Age |
| 9:29 | Construir | Mining Camp |
| 9:46 | Construir | House |
| 10:20 | Construir | House |
| 10:31 | Construir | House |
| 10:41 | Construir | Palisade Wall |
| 10:58 | Construir | Palisade Wall |
| 10:59 | Construir | Palisade Wall |
| 11:01 | Construir | Palisade Wall |
| 11:10 | Construir | Palisade Wall |
| 11:31 | Construir | Palisade Wall |
| 11:33 | Construir | Palisade Wall |
| 11:33 | Edad | Edad Feudal |
| 11:34 | Construir | Palisade Wall |
| 11:42 | Encolar | Villager (Male) |
| 11:43 | Encolar | Villager (Male) |
| 12:18 | Encolar | Villager (Male) |
| 12:45 | Construir | House |
| 12:53 | Construir | Palisade Wall |
| 12:54 | Construir | Palisade Wall |
| 13:01 | Investigar | Horse Collar |
| 13:21 | Encolar | Villager (Male) |
| 13:31 | Construir | Farm |
| 13:32 | Construir | Farm |
| 13:39 | Investigar | Castle Age |
| 13:39 | Investigar | Castle Age |
| 13:39 | Investigar | Castle Age |
| 13:44 | Construir | Farm |
| 14:06 | Construir | Palisade Wall |
| 15:00 | Construir | Farm |
| 15:04 | Construir | Archery Range |
| 15:19 | Encolar | Villager (Male) |
| 15:24 | Construir | Farm |
| 15:27 | Construir | Farm |
| 15:35 | Encolar | Archer |
| 15:35 | Encolar | Archer |
| 15:38 | Encolar | Archer |
| 15:53 | Construir | Lumber Camp |
| 16:19 | Edad | Edad de los Castillos |
Cronología de la partida
| 5:38 | FozzyLumbits · first_building Barracks |
| 5:56 | Eldiano · first_building Barracks |
| 9:16 | Eldiano · wall_segment Palisade Wall x1 |
| 9:52 | Eldiano · age_up feudal |
| 9:54 | Eldiano · first_building Archery Range |
| 10:41 | FozzyLumbits · wall_segment Palisade Wall x1 |
| 10:58 | FozzyLumbits · wall_segment Palisade Wall x1 |
| 10:59 | FozzyLumbits · wall_segment Palisade Wall x1 |
| 11:01 | FozzyLumbits · wall_segment Palisade Wall x1 |
| 11:10 | FozzyLumbits · wall_segment Palisade Wall x1 |
| 11:31 | FozzyLumbits · wall_segment Palisade Wall x1 |
| 11:33 | FozzyLumbits · wall_segment Palisade Wall x1 |
| 11:33 | FozzyLumbits · age_up feudal |
| 11:34 | FozzyLumbits · wall_segment Palisade Wall x1 |
| 12:53 | FozzyLumbits · wall_segment Palisade Wall x1 |
| 12:54 | FozzyLumbits · wall_segment Palisade Wall x1 |
| 13:19 | Eldiano · wall_segment Palisade Wall x5 |
| 14:06 | FozzyLumbits · wall_segment Palisade Wall x1 |
| 15:04 | FozzyLumbits · first_building Archery Range |
| 16:19 | FozzyLumbits · age_up castle |
| 16:40 | FozzyLumbits · resign |
[ ANÁLISIS IA · 1 CRÉDITO ]
¿Qué pasó realmente en esta partida?
Wolo.gg analiza cada decisión: build order, eco, micro, errores típicos por bracket. Análisis personalizado por WhatsApp o Discord en 30 segundos.
Guía civ
Drávidas
Perfil
Jugador #6715815